 Dungeon Crawl Stone Soup version 0.26.0-45-g9c1d065592 (webtiles) character file.

Game seed: 16263050348384347132

3155 runemasterragnar the Insei (level 9, -4/72 HPs)
             Began as a Demigod Transmuter on Jan 27, 2021.
             Slain by Erolcha
             ... wielding a +9 giant club
              (14 damage)
             ... on level 9 of the Dungeon on Jan 29, 2021.
             The game lasted 00:16:26 (11206 turns).

runemasterragnar the Insei (Demigod Transmuter)    Turns: 11206, Time: 00:16:27

Health: -4/72      AC:  2    Str: 13    XL:     9   Next: 36%
Magic:  7/19       EV: 15    Int: 23    God:
Gold:   461        SH:  0    Dex: 16    Spells: 2/17 levels left

rFire    + . .     SeeInvis .     - Unarmed
rCold    . . .     Faith    .   (shield currently unavailable)
rNeg     . . .     Spirit   .   a - +0 robe
rPois    .         Reflect  .   (no helmet)
rElec    .         Harm     .   (no cloak)
rCorr    .         Rampage  .   (gloves currently unavailable)
Will     +....                  (no boots)
Stlth    +.........             (no amulet)
HPRegen  0.22/turn              h - ring of willpower
MPRegen  0.16/turn              v - ring of protection from fire

@: blade hands, very slightly contaminated
A: high mp 1
a: End Transformation


You were on level 9 of the Dungeon.
You had blades for hands.
You visited 2 branches of the dungeon, and saw 10 of its levels.

You collected 539 gold pieces.
You spent 78 gold pieces at shops.

Inventory:

Missiles
 E - a throwing net
Armour
 a - a +0 robe (worn)
 B - a +0 ring mail
 C - a +0 kite shield
Jewellery
 h - a ring of willpower (left scythe-like blade)
 r - an uncursed ring of stealth
 v - a ring of protection from fire (right scythe-like blade)
 x - an uncursed amulet of guardian spirit
 D - a +4 ring of slaying {unknown}
 F - an uncursed amulet of the acrobat
 I - an uncursed ring of stealth
Wands
 d - a wand of polymorph (10)
 t - a wand of random effects (28)
Scrolls
 b - 4 scrolls of remove curse
 i - a scroll of random uselessness {unknown}
 j - 4 scrolls of teleportation
 k - 4 scrolls of magic mapping {unknown}
 q - a scroll of blinking {unknown}
 s - a scroll of fear {unknown}
 u - 2 scrolls of immolation {unknown}
 w - a scroll of brand weapon {unknown}
 y - a scroll of enchant armour {unknown}
 A - a scroll of fog {unknown}
 G - 3 scrolls of amnesia {unknown}
 K - 2 scrolls of enchant weapon
Potions
 c - 5 potions of attraction
 e - 2 potions of resistance
 f - 3 potions of curing
 g - a potion of might
 l - a potion of lignification {unknown}
 m - 2 potions of heal wounds
 n - 2 potions of magic
 o - a potion of ambrosia
 p - 2 potions of invisibility
 z - a potion of berserk rage
 H - a potion of flight {unknown}
 J - a potion of brilliance {unknown}
 L - a potion of haste


   Skills:
 + Level 4.5 Fighting
 + Level 5.0 Dodging
 * Level 7.2 Unarmed Combat
 + Level 4.6 Spellcasting
 * Level 6.8 Transmutations


You had 2 spell levels left.
You knew the following spells:

 Your Spells              Type           Power        Failure   Level
a - Beastly Appendage     Tmut           72%          12%         1
b - Wereblood             Tmut           36%          14%         2
c - Spider Form           Tmut/Pois      10%          38%         3
d - Blade Hands           Tmut           18%          56%         5
e - Blink                 Tloc           N/A          56%         2
f - Searing Ray           Conj           10%          56%         2

Your spell library contained the following spells:

 Spells                   Type           Power        Failure   Level
 Passwall                 Tmut/Erth      17%          28%         2
 Ensorcelled Hibernation  Hex/Ice        10%          56%         2
 Swiftness                Air            5%           56%         2
 Ice Form                 Ice/Tmut       21%          67%         4


Dungeon Overview and Level Annotations

Branches:
Dungeon (9/15)             Temple (1/1) D:5
   Lair: D:8-11         Orc: D:9-12

Shops:
D:7 ?   D:9 }

Annotations:
D:9 Erolcha


Innate Abilities, Weirdness & Mutations

You have an increased reservoir of magic. (+10% MP)


Message History

The stone arrow hits you!
Casting: Blade Hands (quite dangerous; 16% risk of failure)
Confirm with . or Enter, or press ? or * to list all spells.
The spell is quite dangerous to cast (16% risk of failure)!
Continue anyway?
Your hands turn into razor-sharp scythe blades.
The bullfrog gives a loud, deep croak!
Erolcha casts a spell at herself.
Erolcha flickers and vanishes!
Deactivating autopickup; reactivate with Ctrl-A.
Something barely misses you.
You slice something!!
A killer bee comes into view.
The killer bee moves out of view.
You hit something but do no damage. The bullfrog misses you.
Something hits you!!
* * * LOW HITPOINT WARNING * * *
You slice something!! The bullfrog hits you.
* * * LOW HITPOINT WARNING * * *
Something hits you!
You die...

...# ... .... ...# ...
..... ...#
###.#######..... ...#
###.........(.....
...#####.###.###†∩.......
.........................
...#####..<#.......#.#.#.
.### #########.......#
.##### #@......# .....#
#F{.....# ####.#
#.......# #.# #....##..
#.# #........ #.#
#....### ####.# #####.
..<#.#### #. ...#...8#


You could see a bullfrog.

Vanquished Creatures
  4 yaks (D:9)
  An ice beast (D:6)
  3 phantoms
  3 ogres
  2 bullfrogs (D:6)
  A gnoll sergeant (D:5)
  A water moccasin zombie (D:6)
  6 scorpions
  3 jellies
  4 wights (D:6)
  4 howler monkeys
  A bullfrog zombie (D:6)
  A quasit (D:5)
  4 hounds
  2 orc priests
  7 orc wizards
  2 iguanas (D:9)
  7 worker ants
  A hound zombie (D:5)
  A howler monkey zombie (D:6)
  4 gnolls
  11 adders
  4 white imps
  An ufetubus (D:5)
  An ooze (D:1)
  4 worms
  A dart slug (D:5)
  5 leopard geckos
  25 orcs
  A ball python (D:2)
  7 bats
  4 giant cockroaches
  9 goblins
  10 hobgoblins
  9 jackals
  4 quokkas
  9 frilled lizards
  5 kobolds
  11 rats
183 creatures vanquished.

Vanquished Creatures (others)
  An orc (D:9)
  A plant (D:4)
2 creatures vanquished.

Grand Total: 185 creatures vanquished

Notes
Turn   | Place    | Note
-------+----------+-------------------------------------------
     0 | D:1      | runemasterragnar the Demigod Transmuter began the quest for
                  | the Orb.
     0 | D:1      | Reached XP level 1. HP: 15/15 MP: 5/5
    44 | D:1      | Reached skill level 1 in Fighting
    44 | D:1      | Reached XP level 2. HP: 18/23 MP: 5/7
   175 | D:1      | Reached skill level 3 in Unarmed Combat
   494 | D:1      | Reached XP level 3. HP: 25/28 MP: 6/8
   990 | D:1      | Learned a level 2 spell: Wereblood
   994 | D:1      | Learned a level 3 spell: Spider Form
  2195 | D:2      | Noticed a scorpion
  2383 | D:2      | Killed a scorpion
  2384 | D:2      | Reached XP level 4. HP: 31/35 MP: 5/10
  3311 | D:3      | Found a basalt altar of Yredelemnul.
  3316 | D:3      | Found a glowing golden altar of the Shining One.
  3367 | D:3      | Noticed an angel
  3654 | D:3      | Reached XP level 5. HP: 38/41 MP: 7/11
  4106 | D:4      | Found a radiant altar of Vehumet.
  4107 | D:4      | Noticed an ogre
  4109 | D:4      | Found a white marble altar of Elyvilon.
  4118 | D:4      | Killed an ogre
  4190 | D:4      | Reached skill level 4 in Unarmed Combat
  4190 | D:4      | Reached XP level 6. HP: 41/48 MP: 9/13
  4349 | D:4      | Found a blossoming altar of Fedhas.
  4405 | D:4      | Upgraded the game from 0.26.0-41-g79a4fc7684 to
                  | 0.26.0-45-g9c1d065592
  5291 | D:4      | Found a shimmering blue altar of Sif Muna.
  5291 | D:4      | Found a shimmering altar of Xom.
  5292 | D:4      | Found a hazy altar of Hepliaklqana.
  5364 | D:5      | Entered Level 5 of the Dungeon
  5465 | D:5      | Found a staircase to the Ecumenical Temple.
  5502 | Temple   | Entered the Ecumenical Temple
  5907 | Temple   | Learned a level 5 spell: Blade Hands
  5916 | D:5      | Reached XP level 7. HP: 25/56 MP: 9/14
  6579 | D:5      | Reached skill level 5 in Unarmed Combat
  7021 | D:5      | Found a bloodstained altar of Trog.
  7793 | D:6      | Reached skill level 5 in Transmutations
  7793 | D:6      | Reached XP level 8. HP: 60/63 MP: 12/16
  8341 | D:6      | Reached skill level 6 in Unarmed Combat
  9195 | D:7      | Identified Huinaaxt's Primer on Wizardry
  9230 | D:7      | Learned a level 2 spell: Blink
  9233 | D:7      | Learned a level 2 spell: Searing Ray
  9354 | D:7      | Found Epikhi's Magic Scroll Emporium.
  9358 | D:7      | Bought a scroll of identify for 26 gold pieces
  9358 | D:7      | Bought a scroll of identify for 26 gold pieces
  9358 | D:7      | Bought a scroll of identify for 26 gold pieces
 10366 | D:8      | Reached XP level 9. HP: 69/71 MP: 13/18
 10401 | D:8      | Found a shadowy altar of Dithmenos.
 10443 | D:8      | Found a hide-covered altar of Uskayaw.
 10624 | D:9      | Noticed Erolcha
 11049 | D:9      | Reached skill level 7 in Unarmed Combat
 11183 | D:9      | Found Qiulala's Gadget Shoppe.
 11191 | D:9      | Reached skill level 5 in Dodging
 11206 | D:9      | Slain by Erolcha

Illustrated notes

Levels and vault maps discovered:
D:1:      co_arrival_square_in_a_square_in_a_square, layout_loops_ring
D:2:      layout_basic, serial_rivers, chequers_serial_rivers_small_3,
          chequers_serial_rivers_small_b, chequers_serial_rivers_marsh,
          chequers_serial_rivers_room_a, minmay_pentomino_w4
D:3:      layout_loops_ring, grunt_temple_overflow_holy_war
D:4:      layout_basic, fedhas_ov_isle_minmay, lemuel_crystal_altar,
          vehumet_crystals, gammafunk_temple_overflow_forgotten
D:5:      layout_cave_pools, minmay_temple_entry_crystal_x, serial_park,
          serial_park_tiny_2, trog_butcher_becter
D:6:      layout_loops_corners, ebering_dispersal_statue_hall
D:7:      layout_basic, serial_shops, kennysheep_mini
D:8:      layout_rooms, lemuel_crystal_altar, general_overflow_altar
D:9:      wad_river_or_something, layout_basic, kennysheep_little_box,
          lair_entry_dummy, serial_shops, shop, uniq_pikel, uniq_erolcha
Temple:   minmay_temple_curvy_loop

Skill      XL: |  1  2  3  4  5  6  7  8  9 |
---------------+----------------------------+-----
Fighting       | 1 2 3 4 |  4.5
Transmutations | 2 3 4 5 6 |  6.8
Dodging        | 2 3 4 5 |  5.0
Unarmed Combat | 3 4 5 6 7 |  7.2
Spellcasting   | 2 3 4 |  4.6

Action                   |  1- 3 |  4- 6 |  7- 9 || total
-------------------------+-------+-------+-------++-------
Melee: Unarmed           |   113 |   127 |   258 ||   498
       Headbutt          |    10 |     3 |     5 ||    18
       Kick              |    17 |     1 |     3 ||    21
       Punch             |       |     1 |     4 ||     5
 Cast: Beastly Appendage |    24 |     3 |     4 ||    31
       Spider Form       |     8 |    22 |    22 ||    52
       Wereblood         |       |     2 |     1 ||     3
       Blade Hands       |       |     1 |    19 ||    20
 Abil: End Transformatio |       |       |     1 ||     1
  Use: Scroll            |     2 |     4 |     7 ||    13
       Potion            |       |       |     1 ||     1
 Stab: Sleeping          |     1 |     2 |     1 ||     4
Armor: Robe              |    13 |     6 |    13 ||    32
       Skin              |     4 |     5 |     1 ||    10
Dodge: Dodged            |    79 |   140 |   199 ||   418
